 Dungeon Crawl Stone Soup version 0.17.0-56-gd8de76c (webtiles) character file.

8858 gorblad the Blocker (level 11, -5/87 HPs)
             Began as a Demonspawn Fighter on Dec 6, 2015.
             Slain by an ice devil (9 damage)
             ... summoned by an orc sorcerer
             ... on level 4 of the Orcish Mines.
             The game lasted 00:24:29 (8871 turns).

gorblad the Blocker (Demonspawn Fighter)            Turns: 8871, Time: 00:24:30

Health: -5/87      AC: 13    Str: 30    XL:     11   Next: 15%
Magic:  0/11       EV:  5    Int: 10    God:
Gold:   1363       SH: 19    Dex:  9    Spells: 0 memorised, 10 levels left

rFire  + . .     SeeInvis .     B - +2 war axe (flame)
rCold  . . .     Clarity  .     O - +0 plate armour {rPois}
rNeg   . . .     SustAt   .     z - +1 large shield {AC+3}
rPois  +         Gourm    .     (helmet unavailable)
rElec  .         Spirit   +     u - +0 cloak
rCorr  .         Warding  .     M - +1 pair of gloves
rMut   .         Stasis   .     (no boots)
MR     .....                    (no amulet)
Stlth  ..........               D - ring of stealth
                                E - ring "Erunweuwn" {*Contam rF+ Str+10}

@: lethally poisoned (-5 -> -5), corroded equipment, drained, not resistant to
hostile enchantments, extremely unstealthy
A: horns 3, rough black scales 3, powered by death 1, magic shield
a: no special abilities


You were on level 4 of the Orcish Mines.
You were hungry.

You visited 2 branches of the dungeon, and saw 13 of its levels.

You collected 1363 gold pieces.

Inventory:

Hand Weapons
 a - a +0 war axe
 B - a +2 war axe of flaming (weapon)
Armour
 b - a +0 scale mail
 c - a +0 shield
 u - a +0 cloak (worn)
 x - a +0 plate armour
 y - a -2 ring mail
 z - a +1 large shield of protection (worn)
 M - a +1 pair of gloves (worn)
 O - a +0 plate armour of poison resistance (worn)
Jewellery
 h - an uncursed ring of fire
 k - an uncursed ring of ice
 D - a ring of stealth (right hand)
 E - the ring "Erunweuwn" (left hand) {*Contam rF+ Str+10}
   (You found it on level 6 of the Dungeon)

   [ring of protection from fire]

   It affects your strength (+10).
   It protects you from fire.
   It causes magical contamination when unequipped.
 G - an uncursed ring of positive energy
 Q - an uncursed amulet of resist mutation {unknown}
Wands
 s - a wand of random effects (19)
 w - a wand of slowing (25)
 H - a wand of digging (11)
 K - a wand of polymorph (13)
 L - a wand of digging (14)
 N - a wand of magic darts (37)
Scrolls
 l - 5 scrolls of recharging
 n - 2 scrolls of teleportation
 C - a scroll of remove curse
 J - a scroll of magic mapping
 P - a scroll of identify
 R - a scroll of enchant armour
Potions
 d - a potion of might
 f - 2 potions of curing
 g - a potion of ambrosia
 m - 4 potions of heal wounds
 o - a potion of invisibility
 t - a potion of resistance {unknown}
 A - 2 potions of brilliance
 F - 2 potions of magic {unknown}
Books
 v - a book of the Warp

   Spells                             Type                      Level
   a - Recall                         Summoning/Translocation      3
   b - Gell's Gravitas                Hexes/Translocation          3
   c - Force Lance                    Conjuration/Translocation    4
   d - Phase Shift                    Translocation                5
   e - Warp Weapon                    Charms/Translocation         5
   f - Summon Forest                  Summoning/Translocation      5
Comestibles
 e - 4 bread rations
 i - 4 meat rations
 j - 11 fruits
 p - a royal jelly
 q - 25 chunks of flesh
 r - 2 beef jerkies
 I - a slice of pizza


   Skills:
 + Level 8.5(8.1) Fighting
 + Level 8.6(8.2) Axes
 + Level 6.5(6.0) Armour
 + Level 4.6(4.2) Dodging
 + Level 1.4(1.0) Stealth
 + Level 8.9(8.5) Shields


You had 10 spell levels left.
You didn't know any spells.

Dungeon Overview and Level Annotations

Branches:
Dungeon (9/15)             Temple (0/1) D:5            Lair (0/8) D:9
    Orc (4/4) D:9             Elf (0/3) Orc:3

Altars:
Cheibriados
Dithmenos
Elyvilon
Fedhas
Gozag
Kikubaaqudgha
Makhleb
Nemelex Xobeh
Okawaru
Qazlal
Vehumet
Xom
Yredelemnul
Zin
The Shining One
Beogh

Shops:
Orc:1 }   Orc:4 *=

Annotations:
D:4 Natasha


Innate Abilities, Weirdness & Mutations

You have a pair of large horns on your head.
You are completely covered in rough black scales (AC +10, Dex -3).
You regenerate a little health from kills.
When hurt, damage is shared between your health and your magic reserves.


Message History

The orc sorcerer is moderately wounded.
You hit the orc warrior. You burn the orc warrior.
The orc warrior is moderately wounded.
Your shield and plate armour prevent you from hitting the orc warrior.
You feel sick.
Something hits the fungus!
You block the orc warrior's attack.
The orc sorcerer hits you but does no damage.
You block the orange demon's attack. You block the orc warrior's attack.
You closely miss the orc warrior. Your headbutt misses the orc warrior.
The orc warrior is lightly wounded.
Your shield and plate armour prevent you from hitting the orc warrior.
Your shield prevents you from hitting the ice devil.
You closely miss the orc sorcerer.
The orc sorcerer is moderately wounded.
You closely miss the orc warrior.
You feel sick. You block the orc warrior's attack.
Something completely misses the fungus.
The orange demon stings you but does no damage.
The orc warlord hits the fungus with a war axe!
The fungus is destroyed!
The ice devil hits you!
You die...

....#4o...
o..##..oo..#...............#
... ##....###....P...∩..8..#
.. ..§..##...#....P.....P.
.. .....o......o..........
.........o##...P....P..
......o#oo.P.P.......
.....oo43oo...P......
.....ooTo@o4.........
.......o###....#.....
.#.....## ##...# .#. .......
##.## ....... ### ..#....
....... ......


You could see an orc warlord, an ice devil, an orange demon, a troll, a blue
devil, 2 orc sorcerers, 8 orc warriors, an orc priest and 3 orcs.

Vanquished Creatures
  Erica (D:9)
  Sonja (Orc:4)
  A hill giant (D:9)
  Pikel (D:7)
  Joseph (D:7)
  A fire drake (D:9)
  A human (D:3)
  The ghost of gorblad the Skirmisher, an amateur DsAK of Lugonu (D:3)
  A hungry ghost (D:7)
  4 hippogriffs
  4 slaves (D:7)
  2 ice beasts (D:6)
  7 ogres
  A necrophage (D:5)
  3 phantoms
  11 orc warriors
  A centaur (D:8)
  2 giant frogs
  A wyvern zombie (D:6)
  A gnoll sergeant (D:5)
  A scorpion (D:6)
  13 wights
  A centaur zombie (D:7)
  2 hounds
  A crimson imp (D:6)
  Crazy Yiuf (D:4)
  12 orc priests
  A giant frog skeleton (D:7)
  A gnoll shaman (D:4)
  3 jellies
  15 orc wizards
  Natasha (twice) (D:4)
  2 centaur skeletons
  2 hell rats (D:7)
  An iguana (D:7)
  7 worker ants
  A hound skeleton (D:7)
  A worker ant zombie (D:9)
  7 adders
  22 gnolls
  8 river rats (D:7)
  3 shadow imps
  An adder skeleton (D:4)
  An adder zombie (D:5)
  3 worms
  99 orcs
  2 ball pythons
  12 bats
  4 giant cockroaches
  10 goblins
  6 hobgoblins
  10 jackals
  5 quokkas
  6 giant geckos
  A giant gecko zombie (D:7)
  5 giant newts
  A jackal skeleton (D:5)
  6 kobolds
  29 rats
354 creatures vanquished.

Vanquished Creatures (others)
  A bush (D:4)
  2 fungi (Orc:4)
  3 plants (D:4)
6 creatures vanquished.

Grand Total: 360 creatures vanquished

Notes
Turn   | Place    | Note
--------------------------------------------------------------
     0 | D:1      | gorblad the Demonspawn Fighter began the quest for the Orb.
     0 | D:1      | Reached XP level 1. HP: 18/18 MP: 1/1
   122 | D:1      | Gained mutation: You have a pair of small horns on your head. [demonic ancestry]
   122 | D:1      | Reached XP level 2. HP: 21/24 MP: 2/2
   822 | D:2      | Gained mutation: You regenerate a little health from kills. [demonic ancestry]
   822 | D:2      | Reached XP level 3. HP: 26/29 MP: 3/3
  1000 | D:2      | Reached skill level 1 in Dodging
  1310 | D:3      | Noticed gorblad's ghost (amateur DsAK)
  1320 | D:3      | Gained mutation: You have a pair of horns on your head. [demonic ancestry]
  1320 | D:3      | Reached XP level 4. HP: 24/37 MP: 4/4
  1344 | D:3      | Killed gorblad's ghost
  1344 | D:3      | Gained mutation: You have a pair of large horns on your head. [demonic ancestry]
  1344 | D:3      | Reached XP level 5. HP: 5/42 MP: 5/5
  1647 | D:3      | Found a blossoming altar of Fedhas.
  1706 | D:3      | Found a runed door.
  1706 | D:3      | Noticed a human
  1710 | D:3      | Found a basalt altar of Yredelemnul.
  1732 | D:3      | Killed a human
  1732 | D:3      | Reached skill level 4 in Fighting
  1732 | D:3      | Reached skill level 1 in Stealth
  1732 | D:3      | Gained mutation: You are partially covered in rough black scales (AC +4, Dex -1). [demonic ancestry]
  1732 | D:3      | Reached XP level 6. HP: 42/48 MP: 6/6
  1846 | D:3      | Found a snail-covered altar of Cheibriados.
  1927 | D:3      | Found a faded altar to an unknown god.
  1955 | D:3      | Found a stormy altar of Qazlal.
  2034 | D:3      | Found a burning altar of Makhleb.
  2121 | D:3      | Gained mutation: You are mostly covered in rough black scales (AC +7, Dex -2). [demonic ancestry]
  2121 | D:3      | Reached XP level 7. HP: 51/55 MP: 7/7
  2160 | D:3      | Found a shimmering altar of Xom.
  2205 | D:3      | Found an ancient bone altar of Kikubaaqudgha.
  2561 | D:4      | Noticed Natasha
  2572 | D:4      | Killed Natasha
  2728 | D:4      | Reached skill level 5 in Fighting
  2808 | D:4      | Noticed Natasha
  2816 | D:4      | Killed Natasha
  2845 | D:4      | Noticed Crazy Yiuf
  2853 | D:4      | Killed Crazy Yiuf
  3092 | D:4      | Noticed Natasha
  3472 | D:4      | Reached XP level 8. HP: 33/62 MP: 8/8
  3536 | D:5      | Entered Level 5 of the Dungeon
  3703 | D:5      | Found a staircase to the Ecumenical Temple.
  4121 | D:6      | Reached skill level 5 in Shields
  4128 | D:6      | Reached skill level 5 in Axes
  4253 | D:6      | Found a burning altar of Makhleb.
  4279 | D:6      | Reached skill level 6 in Fighting
  4471 | D:6      | Reached XP level 9. HP: 54/69 MP: 9/9
  4575 | D:6      | Got a flickering iron ring
  5019 | D:7      | Noticed Joseph
  5034 | D:7      | Killed Joseph
  5034 | D:7      | Reached skill level 5 in Armour
  5074 | D:7      | Found a glowing golden altar of the Shining One.
  5149 | D:7      | Found a radiant altar of Vehumet.
  5150 | D:7      | Found a sparkling altar of Nemelex Xobeh.
  5151 | D:7      | Found an iron altar of Okawaru.
  5151 | D:7      | Found a glowing silver altar of Zin.
  5153 | D:7      | Found a white marble altar of Elyvilon.
  5154 | D:7      | Noticed Pikel
  5154 | D:7      | Found an opulent altar of Gozag.
  5172 | D:7      | Killed Pikel
  5172 | D:7      | Reached skill level 7 in Fighting
  5765 | D:7      | Gained mutation: You are completely covered in rough black scales (AC +10, Dex -3). [demonic ancestry]
  5765 | D:7      | Reached XP level 10. HP: 77/79 MP: 10/10
  6052 | D:7      | Identified the ring "Erunweuwn" {*Contam rF+ Str+10} (You found it on level 6 of the Dungeon)
  6340 | D:8      | Found a shimmering altar of Xom.
  6621 | D:9      | Found a shadowy altar of Dithmenos.
  6621 | D:9      | Found a staircase to the Orcish Mines.
  6629 | D:9      | Found a staircase to the Lair.
  6658 | D:9      | Noticed Erica
  6684 | D:9      | Killed Erica
  7073 | D:9      | Reached skill level 8 in Shields
  7085 | D:9      | Noticed a hill giant
  7093 | D:9      | Killed a hill giant
  7413 | Orc:1    | Entered Level 1 of the Orcish Mines
  7441 | Orc:1    | Found Etza's Gadget Emporium.
  7744 | Orc:1    | Found a roughly hewn altar of Beogh.
  8058 | Orc:3    | Found a staircase to the Elven Halls.
  8284 | Orc:3    | Found a runed door.
  8356 | Orc:3    | Gained mutation: When hurt, damage is shared between your health and your magic reserves. [demonic ancestry]
  8356 | Orc:3    | Reached XP level 11. HP: 87/87 MP: 11/11
  8396 | Orc:3    | Found a roughly hewn altar of Beogh.
  8674 | Orc:4    | Entered Level 4 of the Orcish Mines
  8736 | Orc:4    | Found Nunek's Assorted Antiques.
  8738 | Orc:4    | Noticed Sonja
  8812 | Orc:4    | Killed Sonja
  8830 | Orc:4    | Noticed an orc high priest
  8843 | Orc:4    | Noticed an orc warlord
  8851 | Orc:4    | Found Dihoffyk's Jewellery Emporium.
  8858 | Orc:4    | Noticed a soul eater
  8866 | Orc:4    | Noticed an ice devil
  8869 | Orc:4    | HP: 3/87 [orange demon[an orc sorcerer] (3)]
  8871 | Orc:4    | Slain by an ice devil

Action                   |  1- 3 |  4- 6 |  7- 9 | 10-12 || total
-------------------------+-------+-------+-------+-------++-------
Melee: War axe           |   130 |   122 |   455 |   283 ||   990
  Use: Scroll            |     6 |       |    11 |     8 ||    25
 Stab: Distracted        |       |     1 |       |       ||     1
  Eat: Chunk             |     1 |     4 |    12 |    12 ||    29
       Bread ration      |       |       |       |     1 ||     1
